[Event "Titled Tuesday Blitz December 20 Late 2022"]
[White "Carbone, Diego"]
[Black "Alfaro, William"]
[WhiteFideId "3002179"]
[BlackFideId "6100457"]
[WhiteElo "2266"]
[BlackElo "2096"]
[Result "1-0"]
[Round "03"]
[TimeControl "180+1"]
[Date "2022.12.21"]
[WhiteClock "0:00:17"]
[BlackClock "0:01:09"]

1. d4 Nf6 2. c4 g6 3. g3 Bg7 4. Bg2 O-O 5. Nf3 d6 6. Nc3 Nc6 7. O-O e5 8. dxe5 dxe5 9. Bg5 h6 10. Qxd8 Rxd8 11. Bxf6 Bxf6 12. Nd5 Bg7 13. Nxc7 Rb8 14. e4 Bg4 15. Nd5 Bxf3 16. Bxf3 Nd4 17. Bd1 Kf8 18. a4 Rbc8 19. b3 a5 20. Ra2 Rc6 21. Kg2 f5 22. f3 Kf7 23. Rd2 Ke6 24. Rd3 h5 25. Rf2 Bh6 26. Nc3 Rg8 27. Nd5 g5 28. Bc2 h4 29. exf5+ Nxf5 30. Re2 hxg3 31. hxg3 g4 32. f4 Bg7 33. fxe5 Bxe5 34. Nf4+ Kf6 35. Rd5 Re8 36. Bxf5 Kxf5 37. Nd3 Rce6 38. Kf2 b6 39. Nxe5 Rxe5 40. Rexe5+ Rxe5 41. Rxe5+ Kxe5 42. Ke3 1-0


[Site "https://www.chess.com"]

[Event "Titled Tuesday Blitz December 20 Late 2022"]
[White "Caruana, Fabiano"]
[Black "Jaracz, Pawel"]
[WhiteFideId "2020009"]
[BlackFideId "1102222"]
[WhiteElo "2847"]
[BlackElo "2460"]
[Result "0-1"]
[Round "03"]
[TimeControl "180+1"]
[Date "2022.12.20"]
[WhiteClock "0:00:09"]
[BlackClock "0:00:09"]

1. Nf3 d5 2. c4 c6 3. e3 Nf6 4. b3 e6 5. Bb2 Bd6 6. d4 O-O 7. Bd3 Ne4 8. O-O Nd7 9. Ne5 f5 10. f3 Ng5 11. f4 Ne4 12. Nd2 Ndf6 13. c5 Bxe5 14. fxe5 Nxd2 15. Qxd2 Ne4 16. Qe2 Bd7 17. b4 Be8 18. a4 a6 19. Bc1 Qg5 20. Bd2 Bh5 21. Qe1 Qh6 22. Ra2 g5 23. Bc1 Bg6 24. Rb2 Rf7 25. b5 axb5 26. axb5 Ra1 27. bxc6 bxc6 28. Rb6 f4 29. exf4 gxf4 30. Rxc6 Ng5 31. Qc3 Bxd3 32. Qxd3 f3 33. Qd2 fxg2 34. Rc8+ Kg7 35. Rxf7+ Nxf7 36. Qxg2+ Qg6 37. Qxg6+ hxg6 38. Kf2 Rxc1 39. h4 Rc3 40. Rc6 Nh6 41. Rxe6 Nf5 42. Ra6 Nxd4 43. Ra7+ Kh6 44. Rd7 Rxc5 45. Ke3 Nf5+ 46. Kf4 Rc4+ 47. Kf3 Rc3+ 48. Kf4 Rc4+ 49. Kf3 Nxh4+ 50. Ke3 Nf5+ 51. Kf3 Rd4 52. e6 Re4 0-1


[Site "https://www.chess.com"]

[Event "Titled Tuesday Blitz December 20 Late 2022"]
[White "Chigaev, Maksim"]
[Black "Kuzmicz, Krystian"]
[WhiteFideId "4108116"]
[BlackFideId "1119125"]
[WhiteElo "2542"]
[BlackElo "2379"]
[Result "1-0"]
[Round "03"]
[TimeControl "180+1"]
[Date "2022.12.20"]
[WhiteClock "0:00:12"]
[BlackClock "0:00:06"]

1. Nf3 g6 2. g3 Bg7 3. Bg2 e5 4. O-O d6 5. c4 f5 6. Nc3 Nf6 7. d3 O-O 8. Rb1 Nc6 9. b4 h6 10. b5 Ne7 11. a4 Be6 12. Ne1 Rb8 13. Nc2 g5 14. Nb4 f4 15. a5 Qd7 16. a6 b6 17. Nc6 Nxc6 18. bxc6 Qf7 19. Nb5 Ra8 20. e3 Ne8 21. exf4 exf4 22. gxf4 gxf4 23. Bf3 Kh8 24. Kh1 d5 25. cxd5 Bxd5 26. Rg1 Nf6 27. Bb2 Rfd8 28. Be5 Qh5 29. Bxd5 Qxe5 30. Bf3 Qf5 31. d4 Ne4 32. Rg2 Ng5 33. Rxg5 Qxg5 34. Nxc7 Rxd4 35. Nxa8 Rxd1+ 36. Rxd1 Be5 37. c7 Bxc7 38. Nxc7 Qe7 39. Nd5 Qa3 40. Kg2 Qxa6 41. Nxf4 Qc4 42. Rd8+ Kg7 43. Rd7+ Kf6 44. Nh5+ Ke6 45. Rxa7 Qc5 46. Ng3 b5 47. Rb7 b4 48. Ne4 Qd4 49. h3 Ke5 50. Rb5+ Kf4 51. Ng3 Qd3 52. Nh5# 1-0


[Site "https://www.chess.com"]

[Event "Titled Tuesday Blitz December 20 Late 2022"]
[White "Clawitter, Craig"]
[Black "Can, Melih Kaan"]
[WhiteFideId "2023105"]
[BlackFideId "6317383"]
[WhiteElo "2221"]
[BlackElo "2010"]
[Result "1/2-1/2"]
[Round "03"]
[TimeControl "180+1"]
[Date "2022.12.21"]
[WhiteClock "0:00:14"]
[BlackClock "0:01:00"]

1. e4 e5 2. Nf3 Nc6 3. Bb5 a6 4. Ba4 Nf6 5. O-O Be7 6. d3 b5 7. Bb3 O-O 8. Nc3 Na5 9. Nxe5 Nxb3 10. axb3 Bb7 11. Ng4 d5 12. Nxf6+ Bxf6 13. Nxd5 Bxd5 14. exd5 Qxd5 15. b4 Rfe8 16. c3 c5 17. bxc5 Qxc5 18. Be3 Qd5 19. Re1 Red8 20. d4 a5 21. Bf4 a4 22. Be5 Bxe5 23. Rxe5 Qxe5 24. dxe5 Rxd1+ 25. Rxd1 Kf8 26. f4 a3 27. bxa3 Rxa3 28. Rd5 Rxc3 29. Rxb5 Rc2 30. Rb7 h5 31. h4 g6 32. Kh2 Rc3 33. g3 Rc2+ 34. Kg1 Re2 35. Kf1 Rc2 36. Rd7 Rb2 37. Ke1 Rg2 38. Rd3 Ke7 39. Kf1 Ra2 40. Ke1 Ra6 41. Kf2 Ke6 42. Kf3 Kf5 43. Rd7 Ra3+ 44. Kf2 Ke6 45. Rd6+ Ke7 46. Rb6 Rc3 47. Rb7+ Ke6 48. Ra7 Rb3 49. Kg2 Rb2+ 50. Kf3 Rb4 51. Ra6+ Ke7 52. Ra7+ Ke6 53. Ra6+ Kd7 54. Rf6 Ke7 55. Ra6 Rb3+ 56. Kf2 Rb2+ 57. Kf3 Rb3+ 58. Kf2 Rc3 59. Ra7+ Ke6 60. Ra6+ Kd5 61. Rf6 Rc7 62. Kf3 Rc3+ 63. Kf2 Rc7 64. Kf3 Rc3+ 65. Kf2 1/2-1/2


[Site "https://www.chess.com"]

[Event "Titled Tuesday Blitz December 20 Late 2022"]
[White "Coelho, Ramyres Santana"]
[Black "Bellissimo, Joseph F."]
[WhiteFideId "2120690"]
[BlackFideId "2609843"]
[WhiteElo "1888"]
[BlackElo "2103"]
[Result "0-1"]
[Round "03"]
[TimeControl "180+1"]
[Date "2022.12.21"]
[WhiteClock "0:00:06"]
[BlackClock "0:00:36"]

1. e4 e6 2. d4 d5 3. Nc3 Nf6 4. e5 Nfd7 5. f4 c5 6. Nf3 Nc6 7. Be3 a6 8. a4 Qb6 9. b3 cxd4 10. Bxd4 Nxd4 11. Qxd4 Bc5 12. Qd3 Bb4 13. Nd2 Qa5 14. Na2 Nc5 15. Qe2 Ne4 16. Nxb4 Qxb4 17. Qd3 Bd7 18. Ke2 Nc3+ 19. Kf3 Rc8 20. Nb1 Nxb1 21. Rxb1 Rc3 22. Rd1 Rxd3+ 23. Bxd3 Bc6 24. Kg3 g5 25. fxg5 h6 26. h4 hxg5 27. hxg5 Rg8 28. Rh5 Qc3 29. g6 fxg6 30. Rg5 Ke7 31. Rh1 Qd2 32. Rh7+ Kf8 33. Rg4 g5 34. a5 d4 35. Kh2 Qe3 0-1


[Site "https://www.chess.com"]

[Event "Titled Tuesday Blitz December 20 Late 2022"]
[White "Curtis, John"]
[Black "Sanchez Alvares, Kelvin Antonio"]
[WhiteFideId "3200256"]
[BlackFideId "3906680"]
[WhiteElo "2203"]
[BlackElo "2217"]
[Result "0-1"]
[Round "03"]
[TimeControl "180+1"]
[Date "2022.12.21"]
[WhiteClock "0:00:46"]
[BlackClock "0:01:20"]

1. e4 e5 2. Nf3 Nc6 3. Bc4 Bc5 4. d3 Nf6 5. c3 a5 6. O-O d6 7. Be3 Bxe3 8. fxe3 O-O 9. a4 Bg4 10. Nbd2 d5 11. exd5 Nxd5 12. Qe1 Nb6 13. Bb5 Bxf3 14. Rxf3 f5 15. d4 e4 16. Rf1 Ne7 17. Nc4 Nxc4 18. Bxc4+ Kh8 19. Qh4 c6 20. Rf2 Nd5 21. Qxd8 Raxd8 22. Bxd5 cxd5 23. Raf1 g6 24. g4 b5 25. gxf5 bxa4 26. fxg6 Rxf2 27. Rxf2 hxg6 28. Rf6 Rb8 29. Ra6 Rxb2 30. Rxa5 Rc2 31. Rxa4 Rxc3 32. Kf2 Rc2+ 33. Kg3 Re2 34. Kf4 Rxh2 35. Ra5 Rh5 36. Ra7 Kg8 37. Kg4 Rf5 38. Rd7 Kf8 39. Rd6 Kf7 40. Rd8 Ke7 41. Rg8 Rf3 42. Rxg6 Rxe3 43. Kf4 Rh3 44. Ra6 Kd7 45. Ra1 Kc6 46. Rc1+ Kd6 47. Ra1 Rf3+ 48. Kg4 Rd3 49. Ra4 Kc6 50. Kf4 Kb5 51. Ra8 Rxd4 52. Ke5 Rd1 53. Ra3 Kb4 54. Rh3 Rd3 55. Rh8 e3 56. Kf4 d4 57. Kf3 Rd2 58. Rd8 Kc3 59. Ke4 e2 60. Rc8+ Kb2 61. Rb8+ Kc1 62. Rc8+ Kd1 63. Kd5 e1=Q 64. Rc1+ Kxc1 0-1


[Site "https://www.chess.com"]

[Event "Titled Tuesday Blitz December 20 Late 2022"]
[White "Czopor, Maciej"]
[Black "Young, Ryan"]
[WhiteFideId "21805431"]
[BlackFideId "2049945"]
[WhiteElo "2324"]
[BlackElo "2420"]
[Result "0-1"]
[Round "03"]
[TimeControl "180+1"]
[Date "2022.12.21"]
[WhiteClock "0:00:02"]
[BlackClock "0:00:15"]

1. c4 g6 2. Nc3 c5 3. g3 Bg7 4. Bg2 Nc6 5. e3 e6 6. Nge2 Nge7 7. h4 h5 8. d4 cxd4 9. Nxd4 Nxd4 10. exd4 d5 11. c5 O-O 12. O-O Nf5 13. Ne2 Bd7 14. Bh3 Bb5 15. Bxf5 exf5 16. Re1 Bxe2 17. Rxe2 Re8 18. Be3 f4 19. Bxf4 Rxe2 20. Qxe2 Bxd4 21. Rd1 Bg7 22. b4 Qd7 23. b5 Re8 24. Qf3 Qxb5 25. Qxd5 Qa6 26. Bd6 Qc6 27. Qxc6 bxc6 28. Rd3 Bb2 29. Kf1 Re4 30. Rb3 Bc1 31. Rb8+ Kg7 32. Rb7 Ra4 33. Be5+ Kf8 34. Bf6 Ke8 35. Re7+ Kf8 36. Rd7 Re4 37. Rxa7 Ke8 38. Ra8+ Kd7 39. Rd8+ Ke6 40. Rd6+ Kf5 41. Rxc6 Ra4 42. Bc3 Rxa2 43. Rf6+ Ke4 44. Rxf7 Rc2 45. Bb4 Kd5 46. Rf6 Bb2 47. Rxg6 Bd4 48. Be1 Bxc5 49. Rg5+ Ke4 50. Kg2 Bd4 51. Rxh5 Rc1 52. Bd2 Rc2 53. Be1 Re2 54. Rh7 Rxe1 55. Re7+ Be5 56. f4 Re2+ 57. Kh3 Kf3 58. Rxe5 Ra2 59. h5 Ra1 60. Kh4 Rh1+ 61. Kg5 Kxg3 62. h6 Kf3 63. Kg6 Kxf4 64. Rh5 Rg1+ 65. Kf7 Ra1 66. h7 Ra7+ 67. Ke6 Ra6+ 68. Kd5 Ra5+ 0-1


[Site "https://www.chess.com"]

[Event "Titled Tuesday Blitz December 20 Late 2022"]
[White "D`Arruda, Ricardo D."]
[Black "Ehlvest, Jaan"]
[WhiteFideId "100692"]
[BlackFideId "4500016"]
[WhiteElo "2427"]
[BlackElo "2430"]
[Result "1-0"]
[Round "03"]
[TimeControl "180+1"]
[Date "2022.12.21"]
[WhiteClock "0:00:23"]
[BlackClock "0:00:16"]

1. Nf3 d5 2. g3 c6 3. Bg2 Bg4 4. O-O Nf6 5. d3 e6 6. Nbd2 Be7 7. h3 Bh5 8. g4 Bg6 9. Nh4 Nfd7 10. Nxg6 hxg6 11. e4 g5 12. Re1 Nf8 13. exd5 exd5 14. c4 d4 15. Ne4 Ne6 16. Bd2 Nd7 17. b4 Kf8 18. b5 Qc7 19. a4 Ne5 20. Qe2 Ng6 21. bxc6 bxc6 22. Qf3 Nef4 23. Bf1 Re8 24. Rab1 Kg8 25. Qg3 c5 26. Rb5 Kh7 27. Reb1 Rb8 28. a5 Nh4 29. a6 Rxb5 30. Rxb5 Rb8 31. Rb7 Rxb7 32. axb7 Nhg6 33. Qf3 Ne5 34. Qg3 Qxb7 35. Bxf4 gxf4 36. Qxf4 f6 37. Qf5+ Kh8 38. Bg2 Qc7 39. g5 g6 40. Qe6 f5 41. Nf6 Bxf6 42. gxf6 Nxd3 43. Bd5 Qd8 44. Qf7 1-0


[Site "https://www.chess.com"]

[Event "Titled Tuesday Blitz December 20 Late 2022"]
[White "De Souza, Cristiano Gomes"]
[Black "Silva, Miguel Antonio Neto"]
[WhiteFideId "2151758"]
[BlackFideId "1911929"]
[WhiteElo "2068"]
[BlackElo "2223"]
[Result "0-1"]
[Round "03"]
[TimeControl "180+1"]
[Date "2022.12.21"]
[WhiteClock "0:01:11"]
[BlackClock "0:00:24"]

1. d4 Nf6 2. c4 e6 3. Nf3 b6 4. g3 Ba6 5. b3 Bb4+ 6. Bd2 Be7 7. Bc3 c6 8. Bg2 d5 9. Ne5 Nfd7 10. Nxd7 Nxd7 11. Nd2 O-O 12. O-O Rc8 13. e4 dxe4 14. Nxe4 Nf6 15. Re1 Bb7 16. Qc2 Qc7 17. Qb2 Nxe4 18. Bxe4 Bf6 19. Rad1 Rfd8 20. Qc2 h6 21. Re2 c5 22. Bxb7 Qxb7 23. Red2 cxd4 24. Bxd4 Bxd4 25. Rxd4 Rxd4 26. Rxd4 Qc6 27. Qd2 a6 28. Rd6 Qc5 29. Qd3 b5 30. cxb5 axb5 31. Kg2 b4 32. Rd8+ Rxd8 33. Qxd8+ Kh7 34. Qd2 g6 35. Qf4 Kg7 36. Qc4 Qd6 37. h4 h5 38. Kh2 e5 39. Kg2 Qd2 40. Qc5 Qc3 41. Qd5 Kg8 42. Qd8+ Kh7 43. Qf6 Kg8 44. Qd8+ Kg7 45. Qd5 Qb2 46. Qc5 Qc3 47. Qc4 Qxc4 48. bxc4 f5 49. Kf3 Kf6 50. Ke3 Ke6 51. Kd3 Kd6 52. Kc2 Kc6 53. Kb3 Kc5 54. f3 e4 55. fxe4 fxe4 56. a3 bxa3 57. Kxa3 Kxc4 58. Kb2 Kd3 59. Kc1 Ke2 60. Kc2 Kf2 61. Kc3 e3 62. Kd4 e2 0-1


[Site "https://www.chess.com"]

[Event "Titled Tuesday Blitz December 20 Late 2022"]
[White "Dias, Joao Batista"]
[Black "Ansh M Shah"]
[WhiteFideId "2108240"]
[BlackFideId "25033379"]
[WhiteElo "1898"]
[BlackElo "2084"]
[Result "1-0"]
[Round "03"]
[TimeControl "180+1"]
[Date "2022.12.21"]
[WhiteClock "0:00:39"]
[BlackClock "0:00:03"]

1. e4 c6 2. d4 d5 3. Nd2 dxe4 4. Nxe4 Nf6 5. Ng3 e6 6. Nf3 Be7 7. Bd3 O-O 8. O-O Nbd7 9. Re1 b6 10. b3 Bb7 11. Bb2 c5 12. dxc5 Nxc5 13. Be2 Qxd1 14. Raxd1 Rfd8 15. Kf1 Rac8 16. c4 Bxf3 17. Bxf3 Nd3 18. Re2 Nxb2 19. Rxd8+ Rxd8 20. Rxb2 Ba3 21. Rc2 Bb4 22. Ke2 Kf8 23. Ne4 Nxe4 24. Bxe4 f5 25. Bf3 e5 26. Bd5 Ke7 27. f3 Kd6 28. Rc1 Kc5 29. Rd1 g6 30. Kd3 a5 31. a4 Ba3 32. Kc3 Bb4+ 33. Kd3 Rd6 34. Ra1 Rd7 35. Ra2 Re7 36. Re2 Kd6 37. h3 Bc5 38. Re1 g5 39. Re2 Bd4 40. Re1 Kc5 41. Re2 Kb4 42. Kc2 h5 43. Re1 h4 44. Re2 Ra7 45. Re1 f4 46. Re2 b5 47. cxb5 Rc7+ 48. Bc4 Rd7 49. Kd3 Rc7 50. Ke4 Kc3 51. Kd5 Rg7 52. Re1 Kd2 53. Re4 Kc3 54. Re2 Kb4 55. Ke6 Kc3 56. Kd5 Kb4 57. Ke6 Kc3 58. Kf6 Rc7 59. Kxg5 Rh7 60. Kg6 Rh8 61. Kg5 Rh7 62. Kg6 Rh8 63. Kf5 Rh5+ 64. Kg4 Rh8 65. Kf5 Rh5+ 66. Ke4 Rh7 67. Kf5 Rg7 68. Ke4 Rg3 69. Kd5 Rg7 70. Kc6 Rg6+ 71. Kc7 Rg7+ 72. Kc6 Kb4 73. Kd5 Rg6 74. Rxe5 Bxe5 75. Kxe5 Rxg2 76. Kxf4 Kc5 77. Kf5 Rg3 78. f4 Rxh3 79. Kg4 Rh1 80. Be2 h3 81. Bf3 Rf1 82. f5 h2 83. Ba8 h1=Q 84. Bxh1 Rxh1 85. f6 Rg1+ 86. Kf5 Rb1 87. Ke6 Rxb3 88. f7 Rf3 89. Ke7 Kb4 90. f8=Q Rxf8 91. Kxf8 Kxa4 92. b6 Ka3 93. b7 Ka2 94. b8=Q a4 95. Qh2+ Ka1 96. Qg1+ Ka2 97. Qf2+ Ka1 98. Qe1+ Ka2 99. Qd2+ Kb3 100. Qd5+ Kb2 101. Qb5+ Ka3 102. Ke7 Ka2 103. Qxa4+ 1-0


[Site "https://www.chess.com"]

[Event "Titled Tuesday Blitz December 20 Late 2022"]
[White "Domingo Nunez, Ruben"]
[Black "Kim, Sergey"]
[WhiteFideId "22245570"]
[BlackFideId "13700570"]
[WhiteElo "2406"]
[BlackElo "2488"]
[Result "0-1"]
[Round "03"]
[TimeControl "180+1"]
[Date "2022.12.21"]
[WhiteClock "0:00:03"]
[BlackClock "0:00:19"]

1. c4 Nf6 2. Nf3 g6 3. g3 Bg7 4. Bg2 O-O 5. O-O d6 6. d4 Nbd7 7. Nc3 e5 8. d5 a5 9. Ne1 Nc5 10. e4 Nh5 11. Be3 Bd7 12. b3 Qc8 13. a3 Bh3 14. Rb1 Bxg2 15. Nxg2 Nd7 16. b4 axb4 17. axb4 Ndf6 18. f3 Qh3 19. Qe2 c6 20. Ra1 cxd5 21. exd5 Rfc8 22. c5 Rxa1 23. Rxa1 e4 24. Rf1 exf3 25. Rxf3 Ng4 26. Nf4 Nxf4 27. Bxf4 Bd4+ 28. Kh1 Ra8 29. Nd1 Ra1 30. Bc1 Ne5 31. Rf4 Rxc1 32. Rxd4 Qf5 33. Rf4 Qd7 34. cxd6 Qxd6 35. Re4 Qxd5 36. Kg2 Rxd1 37. Kh3 Qd7+ 38. Kg2 Nc6 39. Re5 Rd2 0-1


[Site "https://www.chess.com"]

[Event "Titled Tuesday Blitz December 20 Late 2022"]
[White "Dong, Bao Nghia"]
[Black "Kaplan, Avi Harrison"]
[WhiteFideId "12400343"]
[BlackFideId "30934559"]
[WhiteElo "2305"]
[BlackElo "1983"]
[Result "1-0"]
[Round "03"]
[TimeControl "180+1"]
[Date "2022.12.21"]
[WhiteClock "0:02:31"]
[BlackClock "0:01:29"]

1. d4 Nf6 2. c4 c5 3. Nc3 cxd4 4. Qxd4 d6 5. Nf3 a6 6. g3 e5 7. Qd1 Be7 8. Bg2 O-O 9. O-O h6 10. b3 Nbd7 11. Ba3 Qc7 12. Rc1 Nc5 13. Nd5 Nxd5 14. cxd5 Qa5 15. Bxc5 dxc5 16. Nxe5 Rd8 17. a4 Bf6 18. Nc4 Qb4 19. a5 Bf5 20. e4 Bg6 21. e5 Be7 22. d6 Bf8 23. Qd5 Qxb3 24. Nb6 Rab8 25. Qxb3 1-0


[Site "https://www.chess.com"]

[Event "Titled Tuesday Blitz December 20 Late 2022"]
[White "Dubov, Daniil"]
[Black "Milikow, Yoav"]
[WhiteFideId "24126055"]
[BlackFideId "2822237"]
[WhiteElo "2792"]
[BlackElo "2416"]
[Result "0-1"]
[Round "03"]
[TimeControl "180+1"]
[Date "2022.12.20"]
[WhiteClock "0:01:28"]
[BlackClock "0:00:04"]

1. c4 e5 2. Nc3 Bb4 3. Nd5 Be7 4. d4 d6 5. Nf3 Nf6 6. Nc3 exd4 7. Nxd4 O-O 8. e4 Re8 9. Be2 Bf8 10. f3 c6 11. O-O d5 12. cxd5 cxd5 13. Bg5 dxe4 14. Kh1 e3 15. Ne4 Nbd7 16. Bc4 h6 17. Bxe3 Ne5 18. Bb3 Bd7 19. Qd2 Rc8 20. Rae1 Nc4 21. Qd3 Nxe3 22. Rxe3 Qb6 23. Rfe1 Nxe4 24. fxe4 Bc5 25. Rf3 Bxd4 26. Bxf7+ Kh8 27. Bxe8 Rxe8 28. Rd1 Bg4 29. Qxd4 Bxf3 30. gxf3 Qa6 31. a3 Qe2 32. Qd3 Qxb2 33. f4 b5 34. e5 a5 35. Rd2 Qc1+ 36. Kg2 Rf8 37. e6 Rxf4 38. e7 Qc6+ 39. Qd5 Qg6+ 40. Kh3 Qg4# 0-1


[Site "https://www.chess.com"]

[Event "Titled Tuesday Blitz December 20 Late 2022"]
[White "Dylag, Emilia"]
[Black "Bilan, Danila"]
[WhiteFideId "21805172"]
[BlackFideId "24161918"]
[WhiteElo "1878"]
[BlackElo "2182"]
[Result "0-1"]
[Round "03"]
[TimeControl "180+1"]
[Date "2022.12.21"]
[WhiteClock "0:00:02"]
[BlackClock "0:00:08"]

1. d4 d5 2. c4 c6 3. Nf3 Nf6 4. g3 Bf5 5. Nc3 e6 6. Nh4 Bg4 7. h3 Bh5 8. g4 Bg6 9. Qb3 Qb6 10. c5 Qc7 11. g5 Nfd7 12. Bg2 Be7 13. Bd2 b6 14. Nxg6 hxg6 15. e4 bxc5 16. exd5 cxd5 17. Nb5 Qb6 18. O-O O-O 19. a4 a6 20. dxc5 Nxc5 21. Qe3 axb5 22. a5 Qb7 23. b4 Ne4 24. Bxe4 dxe4 25. Bc3 Nc6 26. Qxe4 Bxg5 27. h4 Bf6 28. Bxf6 gxf6 29. Rfc1 Nxa5 30. Qf4 Nc4 31. Qxf6 Qd5 32. Rxa8 Rxa8 33. Re1 Qf5 34. Qd4 e5 35. Qd5 Qg4+ 36. Kh1 Qxh4+ 37. Kg1 Qg4+ 38. Kf1 Qh3+ 0-1


[Site "https://www.chess.com"]

[Event "Titled Tuesday Blitz December 20 Late 2022"]
[White "Fieberg, Samuel"]
[Black "Megalios, Konstantinos"]
[WhiteFideId "12901717"]
[BlackFideId "4238044"]
[WhiteElo "2412"]
[BlackElo "2277"]
[Result "1-0"]
[Round "03"]
[TimeControl "180+1"]
[Date "2022.12.21"]
[WhiteClock "0:00:15"]
[BlackClock "0:00:17"]

1. d4 g6 2. Bg5 Bg7 3. e3 Nf6 4. Nf3 d6 5. c3 O-O 6. Nbd2 Nbd7 7. h4 h6 8. Bf4 Re8 9. Bh2 e5 10. Bc4 e4 11. Ng1 Nb6 12. Bb3 a5 13. a4 Be6 14. c4 c5 15. d5 Bg4 16. Qb1 Nbd7 17. Bc2 Qe7 18. Ra3 Bf5 19. Ne2 Ne5 20. Bxe5 Qxe5 21. Rb3 Re7 22. Nc3 Rae8 23. Rb5 Ng4 24. Nd1 Bd7 25. Rxa5 f5 26. Ra7 Bc8 27. Ra8 Nf6 28. Rh3 Nd7 29. Rg3 Kh7 30. Nc3 Qf6 31. Ne2 Qxh4 32. Rh3 Qf6 33. Nf4 Ne5 34. b3 Ng4 35. Qd1 Qb2 36. Kf1 Bc3 37. Nb1 Bb4 38. Rg3 h5 39. Rh3 Qf6 40. Kg1 Kg7 41. Nd2 Qc3 42. Nf1 Rh8 43. Ng3 h4 44. Nge2 g5 45. Ne6+ Bxe6 46. Rxh8 Qf6 47. Ra8 Bf7 48. a5 Bg6 49. a6 bxa6 50. Rxa6 Qe5 51. Qa1 Rd7 52. Qxe5+ Nxe5 53. Rh1 Kf6 54. Kh2 Ng4+ 55. Kg1 Ke7 56. f3 Nxe3 57. Bb1 exf3 58. gxf3 Kf6 59. Kf2 Ke5 60. Kxe3 Re7 61. Kf2 Bd2 62. Bd3 Rg7 63. Ra2 Bf7 64. Rxd2 g4 65. fxg4 fxg4 66. Rg1 g3+ 67. Nxg3 hxg3+ 68. Rxg3 Bg6 69. Rxg6 Rf7+ 70. Kg2 Kd4 71. Bf5+ Ke3 72. Rd3+ Ke2 73. Rg5 Rf6 74. Rf3 Rf8 75. Rg4 Ke1 76. Re4+ Kd2 77. Ree3 Rg8+ 78. Rg3 Rf8 79. Be4 Kd1 80. Ref3 Kd2 81. Rf2+ Ke1 82. Rxf8 Kd1 83. Rf2 Ke1 84. Kf3 Kd1 85. Rg1# 1-0


[Site "https://www.chess.com"]

[Event "Titled Tuesday Blitz December 20 Late 2022"]
[White "Figorito, Nick"]
[Black "Aghasiyev, Kamal"]
[WhiteFideId "30923689"]
[BlackFideId "13402854"]
[WhiteElo "2403"]
[BlackElo "2341"]
[Result "1-0"]
[Round "03"]
[TimeControl "180+1"]
[Date "2022.12.21"]
[WhiteClock "0:00:09"]
[BlackClock "0:00:02"]

1. Nf3 d5 2. g3 Nf6 3. Bg2 e6 4. O-O Be7 5. d4 b5 6. b3 c5 7. c4 bxc4 8. bxc4 O-O 9. Nc3 Nc6 10. cxd5 exd5 11. dxc5 Bxc5 12. Bg5 Be6 13. Bxf6 Qxf6 14. Nxd5 Bxd5 15. Qxd5 Bb6 16. Rac1 Rac8 17. e3 Rfd8 18. Qg5 Qxg5 19. Nxg5 Ne5 20. Rfd1 Rxd1+ 21. Rxd1 h6 22. Nf3 Nxf3+ 23. Bxf3 Kf8 24. Rd7 Rc7 25. Rd2 Ke7 26. Kg2 g5 27. h3 Rd7 28. Rb2 Rd3 29. g4 Kd6 30. Rc2 Kd7 31. a4 Rd6 32. Ra2 Ba5 33. Rb2 Bb6 34. Rb5 a6 35. Rf5 f6 36. Bd5 a5 37. Bc4 Ke7 38. Rb5 Rc6 39. Bd5 Rd6 40. Be4 Kd7 41. Bf5+ Kc7 42. Rb2 Rd5 43. Rc2+ Rc5 44. Rd2 Kc6 45. Bd7+ Kc7 46. Bb5 Kc8 47. Rd6 Bd8 48. Re6 Kc7 49. Re8 f5 50. Rh8 fxg4 51. hxg4 Rc2 52. Rxh6 Be7 53. Rh7 Kd8 54. Kf3 Rb2 55. Rh8+ Kc7 56. Re8 Kd6 57. Ra8 Ra2 58. Ra6+ Ke5 59. Rxa5 Bb4 60. Bc4+ 1-0


[Site "https://www.chess.com"]

[Event "Titled Tuesday Blitz December 20 Late 2022"]
[White "Fiorito, Joaquin"]
[Black "Onslow, Alfie"]
[WhiteFideId "180173"]
[BlackFideId "436976"]
[WhiteElo "2157"]
[BlackElo "2015"]
[Result "1-0"]
[Round "03"]
[TimeControl "180+1"]
[Date "2022.12.21"]
[WhiteClock "0:01:38"]
[BlackClock "0:00:04"]

1. d4 d5 2. Nc3 g6 3. Bf4 c6 4. e3 Bg7 5. Be2 Nf6 6. h4 h5 7. Nf3 O-O 8. Ne5 Nbd7 9. Qd2 Nxe5 10. Bxe5 Bf5 11. f3 Qb6 12. O-O-O a5 13. Bxf6 Bxf6 14. g4 hxg4 15. fxg4 Be4 16. Nxe4 dxe4 17. g5 Bg7 18. h5 Qb4 19. c3 Qa4 20. Kb1 b5 21. Bg4 b4 22. hxg6 bxc3 23. Qxc3 f5 24. Be2 Rfb8 25. Bc4+ Kf8 26. Rdf1 e6 27. Bxe6 Ke7 28. Bb3 Qb5 29. Bc4 Qb4 30. Qxb4+ Rxb4 31. b3 Rab8 32. Kc2 Kd6 33. Rxf5 a4 34. Rh7 Bf8 35. Rf6# 1-0


[Site "https://www.chess.com"]

[Event "Titled Tuesday Blitz December 20 Late 2022"]
[White "Floresvillar Gonzalez, Luis Migu"]
[Black "ArchibaldCerveza29"]
[WhiteFideId "5100542"]
[WhiteElo "2040"]
[BlackElo "2440"]
[Result "0-1"]
[Round "03"]
[TimeControl "180+1"]
[Date "2022.12.21"]
[WhiteClock "0:00:13"]
[BlackClock "0:00:57"]

1. d4 d5 2. c3 c5 3. e3 Nf6 4. Bd3 Nc6 5. Nd2 e5 6. dxe5 Nxe5 7. Be2 Bd6 8. Ngf3 Ng6 9. O-O O-O 10. Qc2 b6 11. b3 Bb7 12. Bb2 Re8 13. Rad1 Qe7 14. Rfe1 h5 15. h3 Rad8 16. c4 Bb8 17. cxd5 Nxd5 18. a3 Qc7 19. Nf1 Nde7 20. Rxd8 Rxd8 21. Rd1 Rxd1 22. Qxd1 Qd6 23. Qxd6 Bxd6 24. Bc4 Bd5 25. N1d2 f6 26. a4 Kf7 27. e4 Bxc4 28. Nxc4 Bc7 29. e5 fxe5 30. Nfxe5+ Nxe5 31. Nxe5+ Ke6 32. Nc4 g6 33. Kf1 Nf5 34. Ke2 Kd5 35. Kd3 a6 36. g4 hxg4 37. hxg4 Nd6 38. f3 Nf7 39. Ne3+ Ke6 40. Nc4 Ng5 41. Ke3 Kd5 42. Bf6 Ne6 43. Bc3 Bf4+ 44. Ke2 Nd4+ 45. Bxd4 Kxd4 46. Nxb6 Bc7 47. Nd7 Bd6 48. Kd2 g5 49. Nb6 Bf4+ 50. Kc2 Ke3 51. Nd7 Bd6 52. Kc3 Kxf3 53. Nf6 Be5+ 54. Kc4 Bxf6 55. Kxc5 a5 56. b4 axb4 57. Kxb4 Bd4 58. a5 Bf2 59. Kc4 Kxg4 60. Kd5 Kf3 61. a6 g4 0-1


[Site "https://www.chess.com"]

[Event "Titled Tuesday Blitz December 20 Late 2022"]
[White "Forgacs, Attila Jr."]
[Black "Denishev, Marat"]
[WhiteFideId "773654"]
[BlackFideId "24131563"]
[WhiteElo "2168"]
[BlackElo "2194"]
[Result "0-1"]
[Round "03"]
[TimeControl "180+1"]
[Date "2022.12.21"]
[WhiteClock "0:00:17"]
[BlackClock "0:00:59"]

1. e4 c5 2. d3 Nf6 3. g3 Nc6 4. Bg2 d6 5. f4 g6 6. Nf3 Bg7 7. Nc3 O-O 8. O-O Rb8 9. a4 a6 10. h3 b5 11. axb5 axb5 12. Be3 b4 13. Ne2 Nd7 14. Rb1 Ba6 15. Qd2 Nb6 16. g4 Na4 17. b3 Nc3 18. Nxc3 bxc3 19. Qf2 Nb4 20. f5 Bxd3 21. cxd3 c2 22. Rbc1 Nxd3 23. Qxc2 Nxc1 24. Rxc1 Qb6 25. Nd2 Qb4 26. g5 Be5 27. Nc4 Bg3 28. f6 exf6 29. gxf6 Qxb3 30. Qd2 Rb4 31. Bf4 Rxc4 32. Rxc4 Bxf4 33. Qxf4 Qxc4 34. Kh2 Qe6 35. Kh1 Qe5 36. Qf3 Ra8 37. Bf1 h6 38. Qe3 Qxf6 39. Bg2 Ra1+ 40. Kh2 Qe5+ 41. Qg3 Qxg3+ 42. Kxg3 Kg7 43. e5 dxe5 44. Be4 f5 45. Kf2 fxe4 46. Ke2 Ra3 47. h4 g5 48. h5 Rf3 49. Ke1 g4 50. Ke2 g3 51. Ke1 g2 52. Ke2 g1=Q 53. Kd2 Qg2+ 54. Ke1 0-1


[Site "https://www.chess.com"]

[Event "Titled Tuesday Blitz December 20 Late 2022"]
[White "Gatterer, Florian"]
[Black "Abdrlauf, Elham"]
[WhiteFideId "811688"]
[BlackFideId "1533533"]
[WhiteElo "2218"]
[BlackElo "2454"]
[Result "0-1"]
[Round "03"]
[TimeControl "180+1"]
[Date "2022.12.20"]
[WhiteClock "0:00:31"]
[BlackClock "0:00:55"]

1. b3 e5 2. Bb2 Nc6 3. e3 Nf6 4. Nf3 e4 5. Nd4 h5 6. c4 d6 7. h3 Ne5 8. f4 exf3 9. Nxf3 Ne4 10. Bxe5 dxe5 11. Qc2 Ng3 12. Rg1 Bf5 13. Qc3 f6 14. d3 Nxf1 15. Rxf1 Qxd3 16. Qxd3 Bxd3 17. Rf2 Bb4+ 18. Nfd2 O-O-O 19. a3 Bc5 20. Rf3 e4 21. Rg3 h4 22. Rxg7 Bxe3 23. Ra2 Rdg8 24. Rxg8+ Rxg8 25. Nc3 Rxg2 26. Ncxe4 Rg1+ 0-1


[Site "https://www.chess.com"]